 Dungeon Crawl Stone Soup version 0.31.0-32-g396128a36d (webtiles) character file.

Game seed: 16617623654741825281

909823 Heartofthecards the Planerender (level 27, -37/108 (225) HPs)
             Began as a Demigod Summoner on Mar 7, 2024.
             Killed from afar by a Hell Sentinel (54 damage)
             ... with an iron shot
             ... on level 5 of the Iron City of Dis on Mar 13, 2024.
             The game lasted 17:42:57 (136801 turns).

Heartofthecards the Planerender (DgSu)            Turns: 136801, Time: 17:42:58

HP:   -37/108 (225) AC: 23    Str: 15 (17) XL:     27
MP:   43/62         EV: 26    Int: 53      God:
Gold: 11970         SH: 24    Dex: 13 (20) Spells: 4/65 levels left

rFire   + + .        v - +13 sceptre of Asmodeus
rCold   . . .        I - +4 kite shield {reflect}
rNeg    + + .        C - +3 fire dragon scales of Rotini {rF++ rC- MP+9 Dex+2 Stlth-}
rPois   .            D - +2 helmet
rElec   +            Q - +2 cloak {rCorr}
rCorr   +            e - +1 pair of gloves
SInv    .            X - +1 pair of boots "Seyqud" {rC+ Regen+}
Will    ++...        Z - amulet "Qusuesopn" {Reflect rN+ Int+8 Dex+4 SH+5 Stlth+}
Stlth   +            m - ring of the Hare {EV+10}
HPRegen 1.18/turn    P - ring of Ziheo {rElec rN+ AC+4 Stlth+}
MPRegen 0.38/turn

%: reflection, clarity
@: studying 4 skills, extremely drained, corroded, unable to drink
A: high MP 1, forlorn, divine attributes, large bone plates 1, clarity, wild
magic 1, [frail 1], [inability to drink after injury 1]
}: 8/15 runes: decaying, serpentine, slimy, silver, iron, obsidian, icy, abyssal
a: no special abilities


You were on level 5 of the Iron City of Dis.
You visited 16 branches of the dungeon, and saw 78 of its levels.
You visited the Abyss 2 times.
You also visited: Trove and Desolation.

You collected 15280 gold pieces.
You spent 3310 gold pieces at shops.

Inventory:

Hand Weapons
 i - the +2 flail "Musetwumum" {freeze, Fly rF+ rCorr}
   (You found it on level 11 of the Dungeon)

   rF+:       It protects you from fire.
   Fly:       It grants you flight.
   rCorr:     It protects you from acid and corrosion.
 o - the +3 trident of Dung {flame, rPois Str+3}
   (You found it on level 2 of the Dungeon)

   Str+3:     It affects your strength (+3).
   rPois:     It protects you from poison
 q - a +9 sacred scourge of holy wrath
 v - the +13 sceptre of Asmodeus (weapon)
   (You took it off Asmodeus on level 7 of Gehenna)

   Fire Summon: It may summon demons of flame and damnation when striking foes.
Missiles
 B - a throwing net
Armour
 e - a +1 pair of gloves (worn)
 n - the orb of Dispater {+Damnation *Corrode AC+5}
   (You took it off Dispater on level 7 of the Iron City of Dis)

   +Damnation: It grants the ability to hurl damnation at the cost of health and
   magic, with strength depending on Evocations skill.
   AC+5:      It affects your AC (+5).
   *Corrode:  It may corrode you when you take damage.
 C - the +3 fire dragon scales of Rotini (worn) {rF++ rC- MP+9 Dex+2 Stlth-}
   (You took it off a deep elf high priest on level 3 of the Elven Halls)

   Dex+2:     It affects your dexterity (+2).
   rF++:      It greatly protects you from fire.
   rC-:       It makes you vulnerable to cold.
   MP+9:      It affects your magic capacity (+9).
   Stlth-:    It makes you less stealthy.
 D - a +2 helmet (worn)
 H - a +2 cloak of fire resistance
 I - a +4 kite shield of reflection (worn)
 Q - a +2 cloak of preservation (worn)
 X - the +1 pair of boots "Seyqud" (worn) {rC+ Regen+}
   (You found it on level 5 of the Lair of Beasts)

   rC+:       It protects you from cold.
   Regen+:    It increases your rate of health regeneration.
Jewellery
 h - the ring of the Queen {*Corrode rC+++ rN+ Dex+2 Stlth-}
   (You found it in the Desolation of Salt)

   [ring of positive energy]

   Dex+2:     It affects your dexterity (+2).
   rC+++:     It renders you almost immune to cold.
   rN+:       It protects you from negative energy.
   *Corrode:  It may corrode you when you take damage.
   Stlth-:    It makes you less stealthy.
 l - a ring of see invisible
 m - the ring of the Hare (left hand) {EV+10}
   (You took it off a fire giant on level 7 of Gehenna)

   [ring of evasion]

   EV+10:     It affects your evasion (+10).
 p - a ring of willpower
 P - the ring of Ziheo (right hand) {rElec rN+ AC+4 Stlth+}
   (You bought it in a shop on level 3 of the Snake Pit)

   [ring of protection]

   AC+4:      It affects your AC (+4).
   rElec:     It insulates you from electricity.
   rN+:       It protects you from negative energy.
   Stlth+:    It makes you more stealthy.
 Z - the amulet "Qusuesopn" (around neck) {Reflect rN+ Int+8 Dex+4 SH+5 Stlth+}
   (You took it off a necromancer on level 3 of the Crypt)

   [amulet of reflection]

   Reflect:   It reflects blocked missile attacks.
   Int+8:     It affects your intelligence (+8).
   Dex+4:     It affects your dexterity (+4).
   rN+:       It protects you from negative energy.
   SH+5:      It affects your SH (+5).
   Stlth+:    It makes you more stealthy.
Talismans
 b - a talisman of death
Wands
 d - a wand of paralysis (83)
 g - a wand of roots (11)
 x - a wand of quicksilver (5)
 A - a wand of mindburst (55)
 K - a wand of flame (136)
 S - a wand of polymorph (13)
 U - a wand of digging (8)
Scrolls
 a - 12 scrolls of teleportation
 j - 2 scrolls of butterflies
 r - 3 scrolls of amnesia
 t - 2 scrolls of blinking
 y - 2 scrolls of immolation
 G - 4 scrolls of fog
 W - 3 scrolls of revelation
Potions
 c - 4 potions of curing
 k - 5 potions of lignification
 s - 3 potions of resistance
 w - 5 potions of enlightenment
 F - 8 potions of brilliance
 J - 10 potions of mutation
 O - 7 potions of cancellation
Miscellaneous
 f - a condenser vane
 u - a phial of floods
 z - a phantom mirror (inert)
 E - a sack of spiders
 R - the horn of Geryon
 V - a lightning rod (4/4)


   Skills:
 - Level 21.0 Fighting
 + Level 10.8 Maces & Flails
 - Level 10.5 Polearms
 - Level 12.4 Armour
 + Level 21.2 Dodging
 - Level 1.7 Stealth
 - Level 10.0 Shields
 + Level 19.5 Spellcasting
 O Level 27 Summonings
 - Level 12.0 Necromancy
 - Level 9.5 Evocations
 * Level 18.1 Shapeshifting


You had 4 spell levels left.
You knew the following spells:

 Your Spells              Type           Power      Damage    Failure   Level
a - Dispel Undead         Necr           100%       3d31      1%          4
b - Blink                 Tloc           100%       N/A       5%          2
c - Call Canine Familiar  Summ           100%       N/A       1%          3
d - Martyr's Knell        Necr/Summ      100%       N/A       1%          4
e - Summon Horrible Thin  Summ           82%        N/A       1%          8
f - Haunt                 Necr/Summ      73%        N/A       1%          7
g - Summon Cactus Giant   Summ           82%        N/A       1%          6
h - Summon Hydra          Summ           82%        N/A       1%          7
i - Swiftness             Air            61%        N/A       10%         3
j - Animate Armour        Summ/Erth      100%       N/A       1%          4
k - Apportation           Tloc           100%       N/A       4%          1
m - Monstrous Menagerie   Summ           82%        N/A       1%          7
v - Summon Mana Viper     Hex/Summ       100%       N/A       1%          5

Your spell library contained the following spells:

 Spells                   Type           Power      Damage    Failure   Level
 Necrotise                Necr           100%       1d9       1%          1
 Summon Small Mammal      Summ           100%       N/A       1%          1
 Call Imp                 Summ           100%       N/A       1%          2
 Cigotuvi's Dreadful Rot  Necr/Alch/Air  100%       N/A       1%          2
 Sublimation of Blood     Necr           100%       N/A       1%          2
 Fugue of the Fallen      Necr           100%       N/A       1%          3
 Summon Ice Beast         Ice/Summ       100%       N/A       1%          3
 Vampiric Draining        Necr           100%       2d13      1%          3
 Animate Dead             Necr           100%       N/A       1%          4
 Summon Blazeheart Golem  Fire/Summ      100%       N/A       1%          4
 Summon Lightning Spire   Summ/Air       100%       N/A       1%          4
 Foxfire                  Conj/Fire      100%       2x1d9     4%          1
 Freeze                   Ice            100%       1d10      4%          1
 Magic Dart               Conj           100%       1d8       4%          1
 Sandblast                Erth           100%       2d20      4%          1
 Shock                    Conj/Air       100%       1d9       4%          1
 Sting                    Conj/Alch      100%       1d9       4%          1
 Ensorcelled Hibernation  Hex/Ice        100%       N/A       5%          2
 Jinxbite                 Hex            100%       N/A       5%          2
 Mercury Vapours          Alch/Air       100%       N/A       5%          2
 Momentum Strike          Conj/Tloc      100%       3d10      5%          2
 Scorch                   Fire           100%       2d9       5%          2
 Static Discharge         Conj/Air       100%       3-8/arc   5%          2
 Confusing Touch          Hex            61%        N/A       10%         3
 Dazzling Flash           Conj/Hex       100%       N/A       10%         3
 Frozen Ramparts          Ice            100%       1d16      10%         3
 Gell's Gravitas          Tloc           61%        N/A       10%         3
 Hailstorm                Conj/Ice       61%        3d11      10%         3
 Inner Flame              Hex/Fire       61%        N/A       10%         3
 Mephitic Cloud           Conj/Alch/Air  61%        N/A       10%         3
 Ozocubu's Armour         Ice            61%        N/A       10%         3
 Passwall                 Erth           61%        N/A       10%         3
 Stone Arrow              Conj/Erth      100%       3d13      10%         3
 Tukima's Dance           Hex            61%        N/A       10%         3
 Volatile Blastmotes      Fire/Tloc      100%       2d18      10%         3
 Airstrike                Air            30%        2d(5-21)  30%         4
 Cause Fear               Hex            30%        N/A       30%         4
 Dimensional Bullseye     Hex/Tloc       30%        N/A       30%         4
 Flame Wave               Conj/Fire      61%        2d14      30%         4
 Fulminant Prism          Conj/Alch      30%        3d16      30%         4
 Iskenderun's Mystic Bla  Conj/Tloc      61%        2d13      30%         4
 Leda's Liquefaction      Alch/Erth      30%        N/A       30%         4
 Manifold Assault         Tloc           61%        N/A       30%         4
 Olgreb's Toxic Radiance  Alch           61%        N/A       30%         4
 Passage of Golubria      Tloc           61%        N/A       30%         4
 Petrify                  Alch/Erth      61%        N/A       30%         4
 Sticky Flame             Fire/Alch      61%        2d10      30%         4
 Vhi's Electric Charge    Tloc/Air       100%       N/A       30%         4
 Curse of Agony           Necr           100%       N/A       1%          5
 Summon Forest            Summ/Tloc      65%        N/A       1%          5
 Death Channel            Necr           62%        N/A       4%          6
 Borgnjor's Vile Clutch   Necr/Erth      50%        N/A       8%          5
 Malign Gateway           Summ/Tloc      65%        N/A       11%         7
 Spellforged Servitor     Conj/Summ      65%        N/A       11%         7
 Arcjolt                  Conj/Air       30%        1d40      61%         5
 Freezing Cloud           Conj/Ice/Air   30%        6-21      61%         5
 Irradiate                Conj/Alch      30%        3d21      61%         5
 Lee's Rapid Deconstruct  Erth           30%        3d16*     61%         5
 Metabolic Englaciation   Hex/Ice        30%        N/A       61%         5
 Silence                  Hex/Air        30%        N/A       61%         5
 Yara's Violent Unravell  Hex/Alch       30%        3d13      61%         5
 Bombard                  Conj/Erth      30%        9d5       98%         6
 Conjure Ball Lightning   Conj/Air       30%        3x3d10    98%         6
 Dispersal                Tloc           30%        N/A       98%         6
 Eringya's Noxious Bog    Alch           30%        4d6       98%         6
 Plasma Beam              Fire/Air       30%        2x1d43    98%         6
 Sculpt Simulacrum        Ice/Alch       30%        N/A       98%         6
 Starburst                Conj/Fire      30%        6d9       98%         6
 Enfeeble                 Hex            30%        N/A       100%        7
 Orb of Destruction       Conj           30%        9d10      100%        7
 Ozocubu's Refrigeration  Ice            30%        4d14      100%        7
 Discord                  Hex            30%        N/A       100%        8
 Disjunction              Tloc           30%        N/A       100%        8
 Lehudib's Crystal Spear  Conj/Erth      30%        10d8      100%        8
 Maxwell's Capacitive Co  Air            30%        ∞         100%        8
 Chain Lightning          Conj/Air       30%        3d40      100%        9
 Fire Storm               Conj/Fire      30%        8d8       100%        9
 Shatter                  Erth           30%        3d25*     100%        9


Dungeon Overview and Level Annotations

Branches:
Dungeon (15/15)            Temple (1/1) D:7            Lair (5/5) D:9
  Swamp (4/4) Lair:2        Snake (4/4) Lair:3        Slime (5/5) Lair:4
    Orc (2/2) D:9             Elf (3/3) Orc:2        Vaults (5/5) D:14
  Crypt (3/3) Vaults:2       Tomb (0/3) Crypt:3      Depths (4/4) D:15
   Hell (visited)             Dis (7/7) Hell            Geh (7/7) Hell
    Coc (7/7) Hell            Tar (0/7) Hell            Zot (5/5) Depths:4
Desolation (visited)

Shops:
D:1 ?   D:2 *   D:6 *   D:8 (   D:9 =   D:15 *   Orc:1 *   Orc:2 ![*=:
Snake:1 :[(   Snake:3 :==   Snake:4 !   Vaults:3 [   Vaults:5 ?

Portals:
Hell: Depths:1 Depths:2 Depths:3 Depths:4
Abyss: Depths:3
Pandemonium: Orc:2 Depths:2 Depths:3
Ziggurat: Depths:2

Annotations:
Depths:3 1 exclusion
Zot:4 2 transporters, Heoriaro's ghost, legendary GnFi
Zot:5 1 exclusion


Innate Abilities, Weirdness & Mutations

You have an increased reservoir of magic. (+10% MP)
You shall have no god before yourself.
Your divine heritage dramatically boosts your attributes as you level up.
You are partially covered in large bone plates. (SH +4)
You possess an exceptional clarity of mind.
Your spells are a little harder to cast, but a little more powerful.
[You are frail. (-10% HP)]
[You occasionally lose the ability to drink potions when taking damage.]


Message History

Aiming: Mindburst
Press: ? - help, Shift-Dir - straight line, f/p - tormentor
Aim: a tormentor (severely wounded, chance to affect: 63%)
The tormentor's mind is blasted!!
You blow up the tormentor!
The quicksilver elemental breathes dispelling energy at you.
The bolt of dispelling energy hits you!!!
An iron golem comes into view.
The quicksilver elemental hits you but does no damage.
You block the iron golem's attack. x2
The Hell Sentinel hits you but does no damage.
You block the Hell Sentinel's attack.
Casting: Haunt (dangerous; 1% risk of failure)
Confirm with . or Enter, or press ? or * to list all spells.
Aiming: Dispel Undead (mildly dangerous; 1% risk of failure)
Press: ? - help, Shift-Dir - straight line, f - ancient champion
Aim: an ancient champion, wielding a +1 heavy great sword and wearing a +0 chain mail (fast, 100% to hit)
The ancient champion is dispelled!!
The quicksilver elemental hits you!
You feel your power leaking away.
The ancient champion casts a spell at you.
The iron shot hits you!!
You feel threatened and lose the ability to drink potions!
You block the quicksilver elemental's attack.
You block the iron golem's attack. The iron golem barely misses you.
You block the Hell Sentinel's attack. The Hell Sentinel misses you.
Casting: Dispel Undead (mildly dangerous; 1% risk of failure)
Confirm with . or Enter, or press ? or * to list all spells.
Okay, then.
You block the ancient champion's attack.
You block the quicksilver elemental's attack.
The iron giant throws the ancient champion at you!
* * * LOW HITPOINT WARNING * * *
The quicksilver elemental hits you!
* * * LOW HITPOINT WARNING * * *
You feel your power leaking away. You block the iron golem's attack.
The iron golem completely misses you. The Hell Sentinel gestures at you.
The iron shot hits you!!!
Ouch! That really hurt!
You die...

..........#
..9......#
#......#
#......#
+..z...# §
#......#
..1##+##....###
..........C.91#
.....99....E@.#
...........E.z#
######......###
########


You could see 4 iron golems, an iron giant, a Hell Sentinel, 2 quicksilver
elementals and 2 ancient champions.

Vanquished Creatures
  the Royal Jelly (Slime:5)
  5 dread liches
  2 ancient liches
  A juggernaut (Dis:7)
  Sojobo (Crypt:3)
  8 shard shrikes
  Boris (Elf:3)
  A curse toe (Zot:3)
  9 caustic shrikes
  Jory (Crypt:1)
  3 golden dragons
  A bone dragon (Abyss:4)
  Nikola (Depths:1)
  An electric golem (Zot:3)
  3 Brimstone Fiends
  4 tentacled monstrosities
  3 hellephants (Geh:7)
  6 Ice Fiends
  Jorgrun (Swamp:2)
  2 liches
  5 titans
  2 Hell Sentinels
  A quicksilver dragon (Zot:2)
  A deep elf blademaster (Elf:3)
  22 searing wretches
  3 acid blobs (Slime:5)
  A sphinx (Vaults:5)
  22 ancient champions
  2 death cobs
  2 tengu reavers
  2 shadow dragons
  2 rockslimes (Slime:5)
  5 fire giants
  A nargun (Hell)
  2 revenants
  4 azure jellies
  2 draconian monks (Zot:4)
  2 storm dragons
  5 frost giants
  4 draconian knights
  2 deep elf sorcerers (Elf:3)
  3 vault wardens
  An iron dragon (Dis:7)
  An imperial myrmidon (Desolation)
  2 draconian stormcallers (Zot:3)
  A deep elf elementalist (Elf:3)
  6 draconian shifters
  5 shard shrike simulacra
  2 caustic shrike zombies (Crypt:3)
  3 quicksilver elementals
  6 balrugs
  3 reapers
  4 curse skulls
  2 draconian scorchers
  An angel (Elf:1)
  A ghost moth (Zot:5)
  2 ghouls
  4 quicksilver oozes
  2 formless jellyfish
  An orc warlord (D:14)
  6 ironbound preservers
  A juggernaut skeleton (Depths:3)
  A broodmother (Zot:2)
  6 vampire knights
  4 very ugly things
  A spriggan defender (Depths:3)
  2 green draconians
  2 ironbound thunderhulks
  13 stone giants
  7 elemental wellsprings
  5 deep elf demonologists
  2 eleionomae
  A spectral titan (Depths:2)
  4 white draconians
  2 red draconians
  2 deep elf death magi
  3 dire elephants (Lair:5)
  5 black draconians
  8 deep elf annihilators
  3 wendigos (Coc:7)
  2 bunyips (Swamp:1)
  23 war gargoyles
  An iron golem (Dis:7)
  3 yellow draconians
  2 ettins
  2 eidola
  A crystal guardian (Vaults:1)
  6 fire dragons
  7 yaktaur captains
  3 deep elf high priests
  An elf zombie (Crypt:1)
  A jiangshi (Crypt:1)
  24 vault guards
  2 mummy priests (Depths:2)
  2 great orbs of eyes
  9 ice dragons
  8 hydras
  A salamander tyrant (Snake:4)
  2 spriggan zombies
  A ragged hierophant (Desolation)
  5 juggernaut simulacra (Coc:7)
  3 rakshasas
  3 ogre magi
  2 servants of whispers (Desolation)
  The ghost of purpleHaze the Fighter, a journeyman OpFi of Dithmenos (D:10)
  A peacekeeper (Desolation)
  3 alligators
  2 ironbound frosthearts
  13 caustic shrike simulacra
  A spriggan air mage (Depths:2)
  Erolcha (Orc:1)
  11 dancing weapons
  An Orb Guardian zombie (Crypt:1)
  12 centaur warriors
  10 two-headed ogres
  2 boulder beetles
  8 death yaks
  3 deep troll shamans
  3 naga warriors
  5 stokers
  4 tengu warriors
  2 deep troll earth magi
  4 vampire magi
  2 orc high priests (Orc:2)
  2 spriggan berserkers
  A bennu skeleton (Crypt:2)
  A shock serpent (Snake:3)
  14 hell hogs
  2 naga sharpshooters (Snake:4)
  A hell knight (Hell)
  2 wretched stars
  3 soul eaters (Crypt:3)
  3 sun demons
  A sixfirhy (Zot:3)
  3 iron trolls (Depths:1)
  4 skeletal warriors (Crypt:1)
  A goliath frog (Swamp:2)
  A titan skeleton (Crypt:3)
  A crystal echidna (Dis:7)
  4 deep elf knights
  A ghost moth zombie (Crypt:2)
  A spatial maelstrom (Abyss:4)
  A mana viper (Snake:2)
  A spectral iron dragon (Depths:2)
  3 bunyip zombies
  A salamander mystic (Snake:4)
  A spriggan druid (Swamp:3)
  3 quicksilver dragon simulacra
  13 deep trolls
  An anaconda zombie (Hell)
  3 spriggan simulacra
  A glowing orange brain (shapeshifter) (Vaults:5)
  4 swamp dragons
  6 glowing orange brains
  8 ironbound convokers
  3 orc knights
  3 anaconda skeletons
  A shadow dragon zombie (Depths:3)
  An orange crystal statue (Elf:3)
  4 arcanists
  5 bog bodies
  A shock serpent (shapeshifter) (Vaults:5)
  9 deep elf archers
  3 harpies (Vaults:3)
  9 phantasmal warriors
  A harpy (shapeshifter) (D:12)
  7 lindwurms
  25 deep elf pyromancers
  11 necromancers
  4 lightning spires (Zot:3)
  4 wolf spiders (Crypt:3)
  4 ugly things
  A will-o-the-wisp (Swamp:1)
  13 deep elf zephyrmancers
  3 orc sorcerers (Orc:2)
  2 alligator skeletons (Hell)
  A stone giant zombie (Crypt:3)
  An alligator zombie (Crypt:1)
  A faun (shapeshifter) (Vaults:5)
  3 cyclopes
  A moth of wrath (shapeshifter) (Vaults:4)
  A manticore (D:11)
  9 salamanders
  A shining eye (Slime:4)
  2 dire elephant zombies (Crypt:3)
  5 elephants
  A draconian skeleton (Crypt:3)
  19 moths of wrath
  6 rust devils
  15 black mambas
  An eleionoma skeleton (Crypt:2)
  10 vault sentinels
  An eye of devastation (shapeshifter) (Vaults:4)
  3 titan simulacra
  2 naga zombies
  A torpor snail (Lair:1)
  A centaur zombie (Crypt:3)
  13 naga magi
  2 eyes of devastation
  A centaur skeleton (Crypt:3)
  2 molten gargoyles (Desolation)
  5 large abominations
  7 cane toads
  A frost giant skeleton (Depths:3)
  An orange demon (Abyss:2)
  A storm dragon simulacrum (Coc:2)
  An unseen horror (Abyss:4)
  A kobold demonologist (D:12)
  A gargoyle (Desolation)
  An alligator snapping turtle zombie (Crypt:3)
  9 hellions
  2 freezing wraiths
  17 yaktaurs
  6 tormentors
  5 guardian mummies
  6 komodo dragons
  3 rime drakes
  A tengu conjurer (D:14)
  4 iron giant simulacra
  3 trolls
  2 golden dragon simulacra
  3 anaconda simulacra (Coc:7)
  A harpy zombie (Crypt:3)
  3 hydra zombies (Hell)
  3 burning bushes (Lair:2)
  3 ancient zymes
  A death drake zombie (Crypt:2)
  2 tyrant leeches
  An unseen horror skeleton (Crypt:2)
  2 harpy skeletons
  A red devil (Hell)
  10 saltlings (Desolation)
  A hydra skeleton (Hell)
  6 hornets
  A wolf spider simulacrum (D:14)
  2 iron dragon simulacra
  10 hellwings (Crypt:3)
  A blink frog (Lair:2)
  2 raiju (Abyss:4)
  A glass eye (Slime:5)
  A dream sheep (shapeshifter) (Elf:1)
  62 slime creatures
  An ice dragon zombie (Crypt:2)
  2 jumping spiders (Crypt:3)
  2 air elementals
  5 spriggans
  27 yaks
  4 ynoxinuls
  A shadow (D:13)
  6 dire elephant simulacra
  A spriggan (shapeshifter) (Elf:3)
  2 wyverns
  9 water elementals
  2 naga simulacra
  A fire elemental (Elf:2)
  Grum (Lair:1)
  2 fire bats (Abyss:4)
  6 wraiths
  A warg (shapeshifter) (Elf:1)
  4 vampire mosquitoes
  2 basilisks
  A golden eye (Slime:3)
  6 redbacks
  2 wargs
  2 chaos spawn (Abyss:4)
  10 harpy simulacra
  8 swamp worms
  A swamp worm (shapeshifter) (Vaults:4)
  An acid dragon (D:13)
  A hell hound (Abyss:4)
  16 nagas
  13 water moccasins
  4 hydra simulacra
  A demonspawn zombie (Crypt:2)
  10 swamp drakes
  10 orc warriors
  A hornet zombie (Crypt:2)
  A merfolk skeleton (Crypt:1)
  2 sky beasts
  2 black bears (Lair:3)
  A glowing shapeshifter skeleton (Crypt:1)
  2 ettin simulacra (Coc:7)
  8 ogres
  8 starcursed masses
  4 laughing skulls
  16 wolves
  7 centaurs
  A phantom (D:7)
  15 nameless horrors
  11 bullfrogs
  A necrophage (Crypt:2)
  3 small abominations
  2 earth elementals (Elf:1)
  A two-headed ogre simulacrum (Coc:1)
  2 wyvern skeletons (Crypt:3)
  2 wights (D:7)
  A killer bee (shapeshifter) (Elf:2)
  8 killer bees
  An elephant simulacrum (Lair:5)
  A troll skeleton (Crypt:1)
  2 howler monkeys (D:6)
  An electric eel (Lair:3)
  A quasit (Abyss:3)
  6 jellies (Lair:4)
  3 hounds
  22 orc priests
  A human skeleton (D:6)
  An iron imp (D:5)
  An iguana (Lair:2)
  10 orc wizards
  5 hell rats
  A sky beast zombie (Crypt:2)
  An acid dragon skeleton (Crypt:1)
  A mummy (Crypt:3)
  2 gnolls
  2 adders
  4 white imps
  2 ufetubi
  41 orcs
  6 endoplasms
  2 giant cockroaches
  3 goblins
  3 hobgoblins
  3 jackals (D:3)
  2 ball pythons
  6 bats
  2 frilled lizards (D:1)
  A gnoll zombie (Crypt:1)
  8 kobolds
  2 rats
  A creeping inferno (Geh:6)
  A lurking horror (Abyss:4)
1394 creatures vanquished.

Vanquished Creatures (collateral kills)
  Antaeus (Coc:7)
  Asmodeus (Geh:7)
  the Serpent of Hell (Coc:7)
  A dread lich (Crypt:3)
  Khufu (Crypt:3)
  Dispater (Dis:7)
  3 ancient liches
  2 juggernauts (Dis:7)
  Xtahua (Crypt:3)
  4 royal mummies
  Boris (twice) (Crypt:1 Crypt:3)
  Vv (Depths:3)
  8 shard shrikes
  Saint Roka (Vaults:2)
  Bai Suzhen (Swamp:3)
  3 curse toes
  Geryon (Hell)
  26 caustic shrikes
  8 golden dragons
  2 bone dragons
  2 electric golems (Zot:3)
  9 Brimstone Fiends
  4 iron giants
  A shard shrike zombie (Crypt:3)
  10 Ice Fiends
  11 tentacled monstrosities
  17 hellephants
  A shard shrike skeleton (Crypt:3)
  7 Hell Sentinels
  8 liches
  A walking earthen tome (Depths:3)
  A deep elf blademaster (Elf:3)
  A walking crystal tome (Depths:3)
  Asterion (Depths:1)
  2 deep elf master archers (Elf:3)
  6 quicksilver dragons
  16 titans
  7 searing wretches
  14 acid blobs
  2 tentacled starspawn
  4 sphinxes
  A death cob (Zot:4)
  5 ancient champions
  2 thorn hunters (Swamp:4)
  Gastronok (D:8)
  Roxanne (Swamp:1)
  6 tengu reavers
  9 storm dragons
  12 shadow dragons
  5 protean progenitors
  A fenstrider witch (Swamp:3)
  4 draconian monks
  5 nagarajas (Snake:4)
  12 rockslimes
  3 revenants
  8 narguns
  20 fire giants
  A daeva (Abyss:4)
  Donald (Crypt:1)
  10 azure jellies
  10 iron dragons
  5 draconian shifters
  15 vault wardens
  An orc warlord (Vaults:1)
  12 balrugs
  2 draconian scorchers
  15 frost giants
  7 draconian knights
  9 quicksilver elementals
  3 caustic shrike zombies (Crypt:3)
  2 spectral juggernauts (Depths:2)
  6 ghouls
  2 curse skulls
  3 deep elf sorcerers
  2 spriggan defenders (Depths:3)
  A draconian stormcaller (Zot:4)
  A deep elf elementalist (Elf:3)
  6 reapers
  An angel (Elf:1)
  7 draconian annihilators
  The ghost of Cown the Bludgeoner, a journeyman TrHu of Yredelemnul (D:14)
  2 ghost moths (Zot:3)
  11 quicksilver oozes
  10 ironbound preservers
  7 very ugly things
  5 formless jellyfish
  A broodmother (Zot:2)
  8 stone giants
  The ghost of Epsin the Fighter, a journeyman MiFi of Okawaru (D:15)
  6 vampire knights
  5 ironbound thunderhulks
  3 eleionomae
  13 elemental wellsprings
  9 deep elf annihilators
  9 deep elf death magi
  10 black draconians
  4 dire elephants
  6 green draconians
  A halazid warlock (Desolation)
  6 deep elf demonologists
  5 white draconians
  2 spectral titans (Depths:2)
  3 purple draconians
  13 wendigos
  4 red draconians
  2 spark wasps
  4 bunyips
  8 yellow draconians
  28 war gargoyles
  2 green deaths
  15 eidola
  9 fire dragons
  A blizzard demon (Hell)
  A mummy priest (Depths:2)
  Josephine (Lair:5)
  3 crystal guardians
  2 ettins
  3 jiangshi (Crypt:1)
  14 iron golems
  2 spectral golden dragons (Depths:2)
  A spectral quicksilver dragon (Depths:2)
  7 entropy weavers
  6 ice dragons
  2 ragged hierophants (Desolation)
  11 great orbs of eyes
  Fannar (Lair:1)
  8 salamander tyrants
  2 deep elf high priests
  20 vault guards
  A shambling mangrove (Swamp:4)
  A spectral sphinx (Depths:2)
  A rakshasa (Depths:3)
  3 servants of whispers (Desolation)
  2 caustic shrike simulacra
  A hell beast (Depths:4)
  A spectral tengu (Depths:2)
  13 yaktaur captains
  2 ghost crabs (Swamp:3)
  3 juggernaut simulacra
  6 peacekeepers
  7 alligators
  9 hydras
  A demonspawn (Orc:2)
  7 ironbound frosthearts
  A spectral fire giant (Depths:2)
  4 spriggan air magi
  3 stokers
  A centaur warrior (Vaults:1)
  2 death knights
  8 anacondas
  2 boulder beetles
  21 dancing weapons
  3 ogre magi
  2 death yaks
  A spectral frost giant (Depths:2)
  4 tengu warriors
  10 two-headed ogres
  3 spriggan berserkers
  9 naga warriors
  3 deep troll shamans (Depths:1)
  24 hell hogs
  2 vampire magi
  6 deep troll earth magi
  10 hell knights
  5 shock serpents
  2 demonic crawlers
  A thrashing horror (Abyss:4)
  An occultist (Depths:3)
  4 orc high priests
  5 soul eaters
  2 spectral storm dragons (Depths:2)
  8 sun demons (Hell)
  11 naga sharpshooters
  A spectral death yak (Lair:5)
  9 deep elf knights
  14 skeletal warriors
  A skyshark (Lair:4)
  3 wretched stars
  7 crystal echidnas
  A spectral anaconda (Lair:5)
  4 sixfirhies
  Amaemon (Lair:1)
  2 bunyip zombies
  4 salamander mystics (Snake:4)
  2 shadow wraiths
  A flayed ghost (D:15)
  3 goliath frogs
  2 spriggan druids (Swamp:3)
  An orange crystal statue (Elf:2)
  3 iron trolls (D:15)
  A quicksilver dragon simulacrum (Coc:7)
  3 mana vipers
  8 large abominations
  2 arcanists (Vaults:3)
  5 naga ritualists
  8 swamp dragons
  6 spriggan simulacra
  31 deep trolls
  4 bog bodies
  5 phantasmal warriors
  4 deep elf archers
  18 ironbound convokers
  Pikel (D:8)
  7 necromancers
  3 obsidian statues
  4 lindwurms
  A shadow dragon zombie (Crypt:3)
  14 deep elf pyromancers
  15 deep elf zephyrmancers
  10 orc knights
  A lightning spire (Zot:3)
  A shining eye (shapeshifter) (Vaults:5)
  An anaconda skeleton (Crypt:1)
  7 orc sorcerers
  3 will-o-the-wisps
  7 harpies
  A worldbinder (Abyss:4)
  10 shining eyes
  15 salamanders
  30 ugly things
  Maurice (Orc:1)
  An iron dragon skeleton (Crypt:3)
  A manticore (D:13)
  14 moths of wrath
  12 vault sentinels
  7 elephants
  3 rust devils
  A cyclops (D:15)
  17 naga magi
  A kobold blastminer (Orc:1)
  3 eyes of devastation
  16 black mambas
  Joseph (D:9)
  9 smoke demons
  A water nymph (shapeshifter) (Vaults:5)
  An apocalypse crab (Abyss:4)
  4 guardian serpents
  A dire elephant zombie (Lair:5)
  A fire giant skeleton (Crypt:1)
  3 molten gargoyles (Desolation)
  3 orange demons
  4 ice statues (Coc:4)
  An unseen horror (D:12)
  15 freezing wraiths
  3 nameless horrors
  8 cane toads
  A centaur skeleton (Crypt:3)
  An unseen horror zombie (Crypt:1)
  7 hellions
  2 komodo dragons (shapeshifter)
  19 yaktaurs
  An efreet (D:15)
  2 bunyip simulacra (Coc:2)
  4 tengu conjurers
  3 ice devils
  3 komodo dragons
  3 tormentors
  2 anaconda simulacra
  A hydra zombie (Swamp:2)
  2 ancient zymes (Abyss:4)
  A golden dragon simulacrum (Coc:2)
  4 guardian mummies
  A red devil (Hell)
  A harpy zombie (Crypt:3)
  2 spectral glowing shapeshifters (Depths:2)
  A red draconian skeleton (Crypt:2)
  2 trolls
  2 spectral guardian serpents (Crypt:1)
  A polar bear (Lair:2)
  6 hornets
  A tarantella (shapeshifter) (Vaults:4)
  4 hellwings
  6 raiju
  A snapping turtle (shapeshifter) (Vaults:4)
  5 tyrant leeches
  A tarantella (Vaults:4)
  2 iron dragon simulacra
  A raiju (shapeshifter) (Vaults:4)
  A stone giant simulacrum (Coc:4)
  22 saltlings (Desolation)
  6 blink frogs
  A dream sheep (shapeshifter) (Vaults:5)
  5 glass eyes
  58 slime creatures
  An air elemental (Elf:1)
  2 water elementals
  A jumping spider (Vaults:3)
  2 naga simulacra
  An ettin skeleton (Crypt:1)
  6 spriggans
  3 dire elephant simulacra
  A fire elemental (Elf:1)
  5 wraiths
  The ghost of nitefall the Covered, an amateur MiFi (D:4)
  3 ynoxinuls
  3 basilisks
  22 yaks
  An alligator snapping turtle simulacrum (Coc:3)
  2 basilisks (shapeshifter)
  5 golden eyes
  10 vampire mosquitoes
  3 wargs (Orc:1)
  A steam dragon (D:7)
  3 neqoxecs
  2 spatial vortices (Abyss:4)
  8 redbacks
  A chaos spawn (Abyss:4)
  39 nagas
  2 acid dragons (D:12)
  7 small abominations
  11 harpy simulacra
  3 swamp worms
  8 hell hounds
  4 water moccasins
  23 orc warriors
  5 swamp drakes
  5 sky beasts
  5 black bears
  19 laughing skulls
  2 ettin simulacra
  4 ice beasts
  5 ogres
  7 wolves
  An elephant skeleton (Lair:5)
  A centaur (shapeshifter) (Depths:3)
  A phantom (D:7)
  A lemure (D:8)
  Blork the orc (D:6)
  2 weeping skulls (Abyss:4)
  A brain worm (Abyss:4)
  A kobold brigand (D:6)
  3 bullfrogs
  A gnoll sergeant (D:11)
  2 scorpions
  2 wights (D:7)
  5 wyvern skeletons (Crypt:3)
  A spriggan zombie (Crypt:2)
  6 killer bees
  2 lava snakes (D:8)
  2 bombardier beetles
  A hound (D:5)
  2 iron imps (D:5)
  8 jellies
  8 orc priests
  A gnoll bouda (D:6)
  2 sleepcaps (D:5)
  18 starcursed masses
  10 orc wizards
  2 iguanas
  6 hell rats (Hell)
  A mummy (Crypt:3)
  9 gnolls
  2 adders (D:3)
  A white imp (D:5)
  An ufetubus (Abyss:4)
  2 dart slugs
  62 orcs
  A bat (D:3)
  2 endoplasms (D:4)
  A goblin (D:4)
  2 hobgoblins
  A jackal (D:3)
  A rat (D:3)
  An aspiring flesh (Zot:3)
  5 creeping infernos
  3 fire vortices
  2 spectral weapons
1952 creatures vanquished.

Vanquished Creatures (others)
  A hellephant (Geh:7)
  2 fire giants
  A draconian monk (Zot:1)
  A balrug (Geh:4)
  2 draconian shifters
  2 ghost moths
  4 shard shrike simulacra
  2 draconian stormcallers
  A draconian annihilator (Zot:3)
  A very ugly thing (Abyss:4)
  An elemental wellspring (Coc:6)
  A wendigo (Coc:5)
  A war gargoyle (Dis:7)
  2 caustic shrike simulacra
  2 ogre magi (Abyss:4)
  A stoker (Geh:7)
  A naga sharpshooter (Snake:3)
  4 deep elf knights
  A spriggan simulacrum (Coc:7)
  An ironbound convoker (Vaults:5)
  3 deep elf pyromancers
  A salamander (Snake:4)
  A naga mage (Snake:4)
  A guardian serpent (Snake:3)
  2 hellions
  A tormentor (Hell)
  2 iron giant simulacra
  5 bloated husks
  A tyrant leech (Swamp:3)
  A water elemental (Elf:3)
  A fire bat (Abyss:4)
  6 chaos spawn (Abyss:4)
  2 harpy simulacra (Coc:7)
  A small abomination (Abyss:4)
  A hydra simulacrum (Coc:5)
  2 swamp drakes
  An iguana (D:6)
  4 orcs
  18 blazeheart cores
  5 creeping infernos
  6 fire vortices
  18 foxfires
  5 starspawn tentacles
120 creatures vanquished.

Grand Total: 3466 creatures vanquished

Notes
Turn   | Place    | Note
-------+----------+-------------------------------------------
     0 | D:1      | Heartofthecards the Demigod Summoner began the quest for
                  | the Orb.
     0 | D:1      | Reached XP level 1. HP: 14/14 MP: 5/5
    12 | D:1      | Found Winappus's Magic Scroll Boutique.
   473 | D:1      | Reached XP level 2. HP: 22/22 MP: 7/7
   476 | D:1      | Learned a level 2 spell: Call Imp
   966 | D:2      | Identified the +3 trident of Dung {flame, rPois Str+3}
  1075 | D:2      | Found Fics's Assorted Antiques.
  1681 | D:3      | Reached skill level 4 in Summonings
  1747 | D:3      | Reached XP level 3. HP: 27/27 MP: 4/8
  1813 | D:3      | Learned a level 3 spell: Call Canine Familiar
  1834 | D:3      | Reached skill level 1 in Fighting
  2123 | D:3      | Reached XP level 4. HP: 34/35 MP: 7/10
  2206 | D:3      | Reached skill level 1 in Shields
  2406 | D:3      | Identified the +3 dagger of Discomfort {vamp, +Blink rElec
                  | Str+4}
  2623 | D:4      | Noticed a black bear
  2631 | D:4      | Killed a black bear
  2632 | D:4      | Reached XP level 5. HP: 41/41 MP: 4/11
  2872 | D:4      | Noticed a centaur
  2875 | D:4      | Noticed nitefall's ghost (amateur MiFi)
  2887 | D:4      | Found a transporter.
  3307 | D:4      | Found a transporter.
  3667 | D:5      | Entered Level 5 of the Dungeon
  3680 | D:4      | Reached skill level 5 in Summonings
  3680 | D:4      | Reached XP level 6. HP: 26/48 MP: 10/13
  4259 | D:5      | Reached XP level 7. HP: 56/56 MP: 9/14
  4970 | D:5      | Reached skill level 6 in Summonings
  5564 | D:6      | Reached XP level 8. HP: 22/63 MP: 9/16
  6240 | D:6      | Found a runed translucent door.
  6505 | D:6      | Reached skill level 7 in Summonings
  7246 | D:6      | Found Zoismil's Fire Supplies.
  7248 | D:6      | Noticed Blork the orc
  7255 | D:6      | Killed Blork the orc
  7310 | D:6      | Bought a +2 cloak of fire resistance for 258 gold pieces
  7599 | D:7      | Reached XP level 9. HP: 60/72 MP: 10/19
  7658 | D:7      | Learned a level 4 spell: Martyr's Knell
  7711 | D:7      | Found a staircase to the Ecumenical Temple.
  7722 | Temple   | Entered the Ecumenical Temple
  7769 | D:7      | Reached skill level 5 in Dodging
  7950 | D:7      | Reached skill level 8 in Summonings
  8484 | D:8      | Noticed Pikel
  8498 | D:8      | Noticed Gastronok
  8541 | D:8      | Reached skill level 5 in Fighting
  8541 | D:8      | Reached skill level 5 in Spellcasting
  8860 | D:8      | Reached skill level 5 in Shields
  9228 | D:8      | Learned a level 4 spell: Summon Lightning Spire
  9266 | D:8      | Found Muasu's Antique Weapon Shop.
  9273 | D:8      | Found Vulo's Antique Weapon Shoppe.
  9349 | D:8      | Killed Gastronok
  9350 | D:8      | Reached skill level 1 in Armour
  9350 | D:8      | Reached skill level 9 in Summonings
  9350 | D:8      | Reached XP level 10. HP: 35/82 MP: 2/22
  9752 | D:8      | Killed Pikel
  9884 | D:8      | Noticed a two-headed ogre
  9897 | D:8      | Killed a two-headed ogre
 10217 | D:9      | Found a staircase to the Lair.
 10801 | D:9      | Found a staircase to the Orcish Mines.
 10967 | D:9      | Noticed Joseph
 10991 | D:9      | Reached skill level 10 in Summonings
 11000 | D:9      | Killed Joseph
 11210 | D:9      | Found Pyol's Jewellery Emporium.
 11440 | D:10     | Entered Level 10 of the Dungeon
 11885 | D:10     | Noticed a two-headed ogre
 11898 | D:10     | Killed a two-headed ogre
 11899 | D:10     | Reached XP level 11. HP: 80/91 MP: 19/24
 11964 | D:10     | Found a runed translucent gate.
 11964 | D:10     | Found a runed translucent gate.
 11968 | D:10     | Found a runed translucent gate.
 12125 | D:10     | Identified the +3 long sword of the Lonely Princes
                  | {antimagic, rF+ Str+3}
 13272 | D:11     | Identified the +2 flail "Musetwumum" {freeze, Fly rF+
                  | rCorr}
 13345 | D:11     | Noticed a boulder beetle
 13352 | D:11     | Learned a level 4 spell: Summon Blazeheart Golem
 13368 | D:11     | Killed a boulder beetle
 13466 | D:11     | Noticed a two-headed ogre
 13475 | D:11     | Killed a two-headed ogre
 14178 | Lair:1   | Entered Level 1 of the Lair of Beasts
 14244 | Lair:1   | Noticed Fannar
 14297 | Lair:1   | Reached skill level 11 in Summonings
 14315 | Lair:1   | Killed Fannar
 14688 | Lair:1   | Noticed a death yak
 14707 | Lair:1   | Killed a death yak
 14708 | Lair:1   | Reached skill level 5 in Armour
 14709 | Lair:1   | Noticed a death yak
 14715 | Lair:1   | Noticed Amaemon
 14718 | Lair:1   | Killed a death yak
 14723 | Lair:1   | Killed Amaemon
 15226 | Lair:1   | Noticed Grum
 15235 | Lair:1   | Killed Grum
 15239 | Lair:1   | Reached XP level 12. HP: 96/101 MP: 24/27
 15545 | Lair:1   | Upgraded the game from 0.31.0-12-g77e489cdc1 to
                  | 0.31.0-32-g396128a36d
 16056 | Lair:2   | Reached skill level 12 in Summonings
 16577 | Lair:2   | Found a staircase to the Swamp.
 17062 | Lair:3   | Reached skill level 1 in Polearms
 17762 | Lair:3   | Found a staircase to the Snake Pit.
 18149 | Lair:4   | Identified a scroll of acquirement
 18149 | Lair:4   | Acquired Zebev's Incunabulum of the Mob
 18158 | Lair:4   | Learned a level 6 spell: Summon Cactus Giant
 18374 | Lair:4   | Found a staircase to the Slime Pits.
 19703 | Lair:5   | Entered Level 5 of the Lair of Beasts
 19802 | Lair:5   | Noticed a seven-headed hydra
 20097 | Lair:4   | Reached XP level 13. HP: 107/108 MP: 29/29
 20120 | Lair:5   | Reached skill level 13 in Summonings
 21095 | Lair:5   | Noticed Josephine
 21110 | Lair:5   | Killed Josephine
 22544 | Lair:5   | Got Sif Muna's Directory of Shifting Graupel
 22760 | Lair:5   | Noticed a dire elephant
 22760 | Lair:5   | Noticed a dire elephant
 22803 | Lair:5   | Noticed a dire elephant
 22832 | Lair:5   | Killed a dire elephant
 23119 | Lair:5   | Killed a dire elephant
 23120 | Lair:5   | Reached skill level 14 in Summonings
 23229 | Lair:5   | Killed a dire elephant
 23302 | Lair:5   | Identified the +1 pair of boots "Seyqud" {rC+ Regen+}
 23381 | Lair:5   | Reached skill level 5 in Polearms
 23445 | Lair:5   | Reached XP level 14. HP: 111/119 MP: 20/31
 23606 | Lair:5   | Learned a level 7 spell: Summon Hydra
 24528 | D:10     | Reached skill level 10 in Dodging
 24530 | D:10     | Found a runed translucent gate.
 24530 | D:10     | Found a runed translucent gate.
 24537 | D:10     | Noticed purpleHaze's ghost (journeyman OpFi)
 24561 | D:10     | Found a runed translucent gate.
 24884 | D:12     | Reached skill level 10 in Fighting
 26929 | D:14     | Reached skill level 15 in Summonings
 27075 | D:14     | Found a transporter.
 27082 | D:14     | Noticed an orc warlord
 27084 | D:14     | Noticed Cown's ghost (journeyman TrHu)
 27118 | D:14     | Found a transporter.
 27119 | D:14     | Found a gate to the Vaults.
 27570 | D:14     | Acquired a book of Beasts
 27952 | D:15     | Entered Level 15 of the Dungeon
 28081 | D:15     | Found a staircase to the Depths.
 28262 | D:15     | Reached XP level 15. HP: 125/128 MP: 33/33
 28507 | D:15     | Reached skill level 10 in Spellcasting
 29422 | D:15     | Found a runed translucent gate.
 29423 | D:15     | Found a runed translucent gate.
 29424 | D:15     | Found a runed translucent gate.
 29425 | D:15     | Noticed Epsin's ghost (journeyman MiFi)
 29427 | D:15     | Found Veogh's Assorted Antiques.
 29915 | D:15     | Killed Epsin's ghost
 30038 | D:15     | Bought a potion of heal wounds for 160 gold pieces
 30038 | D:15     | Bought a scroll of teleportation for 96 gold pieces
 30038 | D:15     | Bought a scroll of revelation for 240 gold pieces
 30325 | D:4      | Killed nitefall's ghost
 30466 | Orc:1    | Entered Level 1 of the Orcish Mines
 30474 | Orc:1    | Noticed Sonja
 30475 | Orc:1    | Noticed Erolcha
 30483 | Orc:1    | Killed Erolcha
 30500 | D:9      | Sonja changed into Sonja the entropy weaver
 30500 | D:9      | Noticed Sonja
 30505 | D:9      | Killed Sonja the entropy weaver
 30506 | D:9      | Reached skill level 16 in Summonings
 30670 | Orc:1    | Noticed Maurice
 30737 | Orc:1    | Killed Maurice
 30878 | Orc:1    | Found Jen Naer's General Store.
 30888 | Orc:1    | Bought a potion of heal wounds for 80 gold pieces
 31026 | Orc:2    | Entered Level 2 of the Orcish Mines
 31140 | Orc:2    | Found Movor's Book Boutique.
 31548 | Orc:2    | Found a staircase to the Elven Halls.
 31754 | Orc:2    | Found Tiukh's General Store.
 31759 | Orc:2    | Found Bucwilos's Distillery.
 31949 | Orc:2    | Bought 2 scrolls of blinking for 240 gold pieces
 31951 | Orc:2    | Bought a potion of heal wounds for 65 gold pieces
 31951 | Orc:2    | Bought a potion of invisibility for 104 gold pieces
 31951 | Orc:2    | Bought a potion of curing for 39 gold pieces
 32544 | Orc:2    | Found Ovatad Igeby's Antique Armour Boutique.
 32544 | Orc:2    | Found Nadishri's Jewellery Shop.
 32544 | Orc:2    | Found a one-way gate leading to the halls of Pandemonium.
 32797 | Swamp:1  | Entered Level 1 of the Swamp
 33213 | Swamp:1  | Noticed Roxanne
 33232 | Swamp:1  | Killed Roxanne
 34265 | Swamp:2  | Noticed Jorgrun
 34276 | Swamp:2  | Killed Jorgrun
 34277 | Swamp:2  | Reached XP level 16. HP: 119/139 MP: 15/35
 34590 | Swamp:2  | Identified the ring "Uplosmu" {Fly rPois Str-5 Int+5 Dex+6}
 34919 | Swamp:2  | Got Kikubaaqudgha's Omnibus of Reanimation Made Easy
 35282 | Swamp:3  | Noticed Bai Suzhen
 35488 | Swamp:3  | Reached skill level 17 in Summonings
 35704 | Swamp:3  | Learned a level 7 spell: Monstrous Menagerie
 35708 | Swamp:3  | Learned a level 3 spell: Summon Ice Beast
 36224 | Swamp:3  | Killed Bai Suzhen
 36787 | Swamp:4  | Entered Level 4 of the Swamp
 38629 | Swamp:4  | Got a decaying rune of Zot
 38751 | Snake:1  | Entered Level 1 of the Snake Pit
 39486 | Snake:1  | Found Peareo Imego's Weapon Emporium.
 39488 | Snake:1  | Found Seri's Antique Armour Shoppe.
 39490 | Snake:1  | Found Xiutax's Book Emporium.
 39767 | Snake:1  | Reached XP level 17. HP: 133/148 MP: 32/37
 39869 | Snake:2  | Found a transporter.
 39973 | Snake:2  | Found a transporter.
 40183 | Snake:2  | Found a transporter.
 40205 | Snake:2  | Found a transporter.
 40458 | Snake:2  | Found a transporter.
 40459 | Snake:2  | Found a transporter.
 40674 | Snake:2  | You are sucked into a shaft and drop 1 floor!
 40737 | Snake:3  | Reached skill level 18 in Summonings
 42649 | Snake:3  | Found Ugot's Jewellery Boutique.
 42651 | Snake:3  | Found Hiupol's Book Emporium.
 42652 | Snake:3  | Found Caffy's Jewellery Boutique.
 42663 | Snake:3  | Bought the ring of Ziheo {rElec rN+ AC+4 Stlth+} for 798
                  | gold pieces
 42763 | Snake:4  | Entered Level 4 of the Snake Pit
 43753 | Snake:4  | Found Diticane's Distillery.
 43762 | Snake:4  | Bought a potion of invisibility for 128 gold pieces
 43762 | Snake:4  | Bought a potion of heal wounds for 80 gold pieces
 43762 | Snake:4  | Bought a potion of magic for 128 gold pieces
 43762 | Snake:4  | Bought a potion of curing for 48 gold pieces
 43762 | Snake:4  | Bought a potion of heal wounds for 80 gold pieces
 45037 | Snake:4  | Got a serpentine rune of Zot
 45413 | Vaults:1 | Entered Level 1 of the Vaults
 45491 | D:14     | Reached XP level 18. HP: 153/158 MP: 25/39
 45506 | D:14     | Killed Cown's ghost
 45507 | D:14     | Reached skill level 19 in Summonings
 46604 | Vaults:1 | Identified the +10 dagger of Salt {venom, rF+ rCorr Str-3
                  | Dex+2}
 49615 | Vaults:1 | Acquired the Almanac of Company
 49623 | Vaults:1 | Learned a level 3 spell: Swiftness
 49879 | Vaults:2 | Noticed Saint Roka
 50745 | Vaults:2 | Killed Saint Roka
 50946 | Vaults:2 | Found a staircase to the Crypt.
 51147 | Vaults:2 | You are sucked into a shaft and drop 1 floor!
 51302 | Vaults:3 | Reached skill level 10 in Armour
 51321 | Vaults:3 | Reached skill level 20 in Summonings
 51328 | Vaults:3 | Reached XP level 19. HP: 133/167 MP: 5/41
 52621 | Vaults:3 | Found Emeyzo's Armour Emporium.
 54662 | Vaults:4 | Identified the +1 ring mail of Hyshout {-Cast rN+ rCorr}
 56564 | Vaults:4 | Reached skill level 15 in Fighting
 57143 | Elf:1    | Entered Level 1 of the Elven Halls
 57179 | Elf:1    | You are sucked into a shaft and drop 1 floor!
 57214 | Elf:1    | Reached skill level 21 in Summonings
 57251 | Elf:1    | Paralysed by an air elemental for 1 turns
 57255 | Elf:1    | Paralysed by an air elemental for 1 turns
 57322 | Elf:1    | Found a crumbling gateway.
 57327 | Elf:1    | Reached XP level 20. HP: 103/178 MP: 3/43
 57389 | Desolati | Entered the Desolation of Salt
 57626 | Desolati | Got the Encyclopedia of Assembled Space
 57679 | Desolati | Identified the +7 plate armour of Dishonour {rElec rPois
                  | rCorr Stlth-}
 58154 | Desolati | Identified the ring of the Queen {*Corrode rC+++ rN+ Dex+2
                  | Stlth-}
 58174 | Desolati | Identified the +4 glaive of Yesterday {heavy, Fly rElec rC-
                  | Int+6}
 58175 | Desolati | Identified the +3 scale mail "Roprokin" {Harm Rampage
                  | Dex-5}
 58385 | Desolati | Identified the +8 mace "Qang" {pain, rPois Str-5 Dex+6}
 58528 | Desolati | Got the Information on Virulence and Hoarfrost
 59220 | Elf:1    | Got the Directory of the Discharge
 59276 | Elf:1    | Paralysed by an air elemental for 1 turns
 59281 | Elf:1    | Paralysed by an air elemental for 1 turns
 59381 | Elf:1    | Reached skill level 1 in Evocations
 60067 | Elf:1    | Learned a level 5 spell: Summon Mana Viper
 61386 | Elf:2    | Found a runed translucent gate.
 61386 | Elf:2    | Found a runed translucent gate.
 61386 | Elf:2    | Found a runed translucent gate.
 63444 | Elf:3    | Entered Level 3 of the Elven Halls
 63676 | Elf:3    | Paralysed by an air elemental for 1 turns
 63779 | Elf:3    | Noticed Boris
 63824 | Elf:3    | Killed Boris
 64250 | Elf:3    | Identified the +6 plate armour of the Aged Wishes {Int+2}
 66005 | Elf:3    | Reached skill level 22 in Summonings
 66073 | Elf:3    | Identified the +2 short sword "Goblinbane" {freeze, rPois}
 66815 | Elf:3    | Identified the +2 robe of Ru's Outrage {MP-9 Dex+3}
 66835 | Elf:3    | Reached XP level 21. HP: 113/187 MP: 38/45
 66922 | Elf:3    | Identified the +3 fire dragon scales of Rotini {rF++ rC-
                  | MP+9 Dex+2 Stlth-}
 66984 | Elf:3    | Identified the amulet of Kuesiqud {Spirit Harm rC+ Str+3}
 67249 | Elf:3    | Acquired 959 gold pieces
 67566 | Elf:3    | Identified the staff of the Gloaming {rC+ Fire Ice Earth}
 67568 | Elf:3    | Identified the staff of Ruempesu {Dex+3 Earth}
 67584 | Elf:3    | Got Neluqe's Parchment of Amathomancy
 67602 | Elf:3    | Identified the +7 sling "Ufottax" {flame, rF+ Will+ MP-9
                  | Int+3}
 67937 | Depths:1 | Entered Level 1 of the Depths
 68516 | D:15     | Paralysed by a vampire knight for 2 turns
 68668 | D:15     | Paralysed by a vampire knight for 5 turns
 68903 | Depths:1 | Paralysed by a vampire knight for 3 turns
 69232 | D:15     | Reached skill level 5 in Evocations
 69492 | Depths:1 | Noticed Asterion
 69521 | Depths:1 | Killed Asterion
 69807 | Depths:1 | Learned a level 4 spell: Animate Armour
 69917 | Depths:1 | Noticed Nikola
 70183 | Depths:1 | Found a gateway to Hell.
 70355 | Depths:1 | Killed Nikola
 70420 | Depths:1 | Found the +8 Vampire's Tooth {megavamp}
 70786 | Depths:2 | Identified the +5 long sword "Ywycsyoc" {antimagic, rPois
                  | rC+++ Dex-2}
 71165 | Depths:2 | Found a one-way gateway to a ziggurat.
 72610 | Depths:2 | Identified the +2 scale mail "Ysseber" {Str+4}
 72846 | Depths:2 | Noticed a royal mummy
 72866 | Depths:2 | Killed a royal mummy
 73063 | Depths:2 | Identified the +3 sling of Orphalor {flame, *Corrode rN+++
                  | Will+ MP+9}
 73366 | Depths:3 | Noticed a golden dragon
 73414 | Depths:3 | Killed a golden dragon
 73510 | Depths:3 | Noticed a caustic shrike
 73522 | Depths:3 | Killed a caustic shrike
 73812 | Depths:3 | Reached skill level 15 in Spellcasting
 74106 | Depths:3 | Reached skill level 23 in Summonings
 74290 | Depths:3 | Identified the +5 short sword "Jaebib" {antimagic, Will+
                  | Int-3 Stlth+}
 74501 | Depths:3 | Noticed Vv
 74774 | Depths:3 | Reached XP level 22. HP: 188/190 MP: 47/47
 74822 | Depths:3 | Identified the +5 short sword of Juuzoy {flame, +Blink
                  | rCorr Dex+5 SInv}
 75300 | Depths:3 | Killed Vv
 75486 | Depths:3 | You fall into a shaft and drop 1 floor!
 75486 | Depths:4 | Entered Level 4 of the Depths
 75965 | Depths:3 | Identified the staff of Zin, Mashing {rC+ Str+3 Ice}
 76114 | Depths:3 | Found a one-way gate to the infinite horrors of the Abyss.
 76408 | Depths:3 | Found the +3 giant club "Skullcrusher" {speed, Str+7}
 77276 | Depths:4 | Learned a level 2 spell: Blink
 78289 | Depths:4 | Found a gate to the Realm of Zot.
 78367 | Depths:4 | Found a portal to a secret trove of treasure.
 78540 | Depths:4 | Reached skill level 10 in Shields
 79264 | Depths:4 | You paid a toll of +2 fire dragon scales to enter a
                  | treasure trove
 79265 | Trove    | Entered a treasure trove
 79305 | Trove    | Identified the +0 mace "Doilueza" {freeze, rElec rN+ Dex+3}
 80395 | Crypt:1  | Entered Level 1 of the Crypt
 80691 | Crypt:1  | Noticed Boris
 80720 | Crypt:1  | Killed Boris
 81412 | Crypt:1  | Noticed Jory
 81473 | Crypt:1  | Killed Jory
 82150 | Crypt:1  | Noticed Donald
 82164 | Crypt:1  | Killed Donald
 83365 | Crypt:2  | Reached skill level 24 in Summonings
 83464 | Crypt:3  | Entered Level 3 of the Crypt
 83708 | Crypt:3  | Noticed a royal mummy
 83728 | Crypt:3  | Killed a royal mummy
 83739 | Crypt:3  | Noticed Khufu
 83957 | Crypt:3  | Killed Khufu
 83958 | Crypt:3  | Reached XP level 23. HP: 40/201 MP: 33/49
 84354 | Crypt:3  | Noticed a royal mummy
 84530 | Crypt:3  | Killed a royal mummy
 85312 | Crypt:3  | Noticed Boris
 85345 | Crypt:3  | Killed Boris
 85556 | Crypt:3  | Noticed a royal mummy
 85666 | Crypt:3  | Noticed Sojobo
 85677 | Crypt:3  | Noticed an ancient lich
 85873 | Crypt:3  | Paralysed by an air elemental for 1 turns
 85877 | Crypt:3  | Paralysed by an air elemental for 1 turns
 86009 | Crypt:3  | Paralysed by an air elemental for 1 turns
 86214 | Crypt:3  | Paralysed by an air elemental for 1 turns
 86219 | Crypt:3  | Paralysed by an air elemental for 1 turns
 86225 | Crypt:3  | Paralysed by an air elemental for 1 turns
 86228 | Crypt:3  | Paralysed by an air elemental for 1 turns
 86232 | Crypt:3  | Paralysed by an air elemental for 1 turns
 86235 | Crypt:3  | Paralysed by an air elemental for 1 turns
 86270 | Crypt:3  | Killed Sojobo
 86475 | Crypt:3  | Identified the amulet "Qusuesopn" {Reflect rN+ Int+8 Dex+4
                  | SH+5 Stlth+}
 86825 | Crypt:3  | Killed a royal mummy
 87863 | Crypt:3  | Noticed Xtahua
 87887 | Crypt:3  | Killed Xtahua
 87962 | Crypt:3  | Found a staircase to the Tomb.
 88267 | Crypt:3  | Identified the ring of Paofirro {rPois rF- rN+ Dex+3}
 88453 | Crypt:3  | Identified the staff "Guon Bya" {rC+ rN+ Ice}
 88453 | Crypt:3  | Identified the amulet of Puarrot {rElec Regen+ Dex+3}
 88504 | Crypt:3  | Killed an ancient lich
 88505 | Crypt:3  | Reached skill level 15 in Dodging
 88551 | Crypt:3  | Noticed a dread lich
 88586 | Crypt:3  | Paralysed by a dread lich for 3 turns
 88591 | Crypt:3  | Paralysed by a dread lich for 2 turns
 88596 | Crypt:3  | Killed a dread lich
 88649 | Crypt:3  | Identified the death talisman of Dramatic Exits {Dex+3}
 89328 | Crypt:3  | Learned a level 8 spell: Summon Horrible Things
 89523 | Vaults:5 | Entered Level 5 of the Vaults
 91220 | Vaults:5 | Noticed an ancient lich
 91278 | Vaults:5 | Reached skill level 25 in Summonings
 91303 | Vaults:5 | Killed an ancient lich
 91304 | Vaults:5 | Reached XP level 24. HP: 94/217 MP: 4/49
 91311 | Vaults:5 | HP: 9/217 [deep elf high priest/damnation (10)]
 91343 | Vaults:5 | Noticed a dread lich
 91343 | Vaults:5 | Noticed an ancient lich
 91366 | Vaults:5 | Reached skill level 10 in Polearms
 91393 | Vaults:5 | Killed an ancient lich
 91424 | Vaults:5 | Identified the ring of the Ancients {Fire rN+ SInv}
 91501 | Vaults:5 | Killed a dread lich
 92444 | D:1      | Bought a scroll of fear for 48 gold pieces
 92444 | D:1      | Bought a scroll of teleportation for 36 gold pieces
 92444 | D:1      | Bought a scroll of teleportation for 36 gold pieces
 93295 | Vaults:5 | Identified the +0 leather armour of the Elven Halls {rCorr
                  | Stlth+}
 93354 | Vaults:5 | Identified the +2 pair of boots "Dohu Kae" {Int+3 Slay+3}
 93393 | Vaults:5 | Identified the +1 leather armour "Seapta" {Rampage Int-2
                  | Dex+7 SInv}
 93909 | Vaults:5 | Found Qunn's Magic Scroll Shoppe.
 93916 | Vaults:5 | Bought a scroll of teleportation for 42 gold pieces
 93916 | Vaults:5 | Bought a scroll of revelation for 105 gold pieces
 93916 | Vaults:5 | Bought a scroll of revelation for 105 gold pieces
 93916 | Vaults:5 | Bought a scroll of teleportation for 42 gold pieces
 93916 | Vaults:5 | Bought a scroll of fog for 56 gold pieces
 93916 | Vaults:5 | Bought a scroll of fog for 56 gold pieces
 93919 | Vaults:5 | Got a silver rune of Zot
 94680 | Orc:2    | Bought a glowing helmet for 240 gold pieces
 95351 | Slime:1  | Entered Level 1 of the Pits of Slime
 95518 | Slime:1  | Reached skill level 1 in Shapeshifting
 96010 | Slime:1  | Gained mutation: Your spells are a little easier to cast,
                  | but a little less powerful. [a shining eye]
 96220 | Slime:1  | Lost mutation: Your spells are a little easier to cast, but
                  | a little less powerful. [potion of mutation]
 96372 | Slime:2  | Gained mutation: You are occasionally teleported next to
                  | monsters. [a shining eye]
 96818 | Slime:2  | Lost mutation: You are occasionally teleported next to
                  | monsters. [potion of mutation]
 96818 | Slime:2  | Gained mutation: You have a pair of small antennae on your
                  | head. [potion of mutation]
 96818 | Slime:2  | Gained mutation: You are agile. (Dex +4, Str/Int -1)
                  | [potion of mutation]
 96819 | Slime:2  | Lost mutation: You have a pair of small antennae on your
                  | head. [potion of mutation]
 96819 | Slime:2  | Lost mutation: You are agile. (Dex +4, Str/Int -1) [potion
                  | of mutation]
 96819 | Slime:2  | Gained mutation: You have hidden genetic potential. [potion
                  | of mutation]
 96819 | Slime:2  | Gained mutation: Your spells are a little harder to cast,
                  | but a little more powerful. [potion of mutation]
 96819 | Slime:2  | Gained mutation: You are partially covered in large bone
                  | plates. (SH +4) [potion of mutation]
 96828 | Slime:3  | Gained mutation: You are clumsy. (Dex -2) [a shining eye]
 98035 | Slime:5  | Entered Level 5 of the Pits of Slime
 98374 | Slime:5  | Noticed the Royal Jelly
 98529 | Slime:5  | Gained mutation: [You are frail. (-10% HP)] [a shining eye]
 98544 | Slime:5  | Gained mutation: You are weak. (Str -2) [a shining eye]
 99457 | Slime:4  | Gained mutation: [You occasionally lose the ability to
                  | drink potions when taking damage.] [a shining eye]
 99459 | Slime:4  | Gained mutation: You are dopey. (Int -2) [a shining eye]
 99681 | Slime:5  | Killed the Royal Jelly
100108 | Slime:5  | Got a slimy rune of Zot
100111 | Slime:5  | Identified the amulet "Xaxke" {rC++ Regen+ MP-9 Dex+3
                  | Stlth+}
100133 | Slime:5  | Identified the amulet of Vely Diu {Acrobat Int+3}
100188 | Slime:5  | Identified the +7 falchion of Keajasch {protect, Will-
                  | Dex+8}
100189 | Slime:5  | Identified the +7 dagger of the Elven Halls {flame, rElec
                  | rCorr Int+2 Dex-3}
100216 | Slime:5  | Got the Octavo of Harmful Hexes
100220 | Slime:5  | Identified the +4 scale mail of Feral Wonder {^Contam
                  | Dex+4}
100234 | Slime:5  | Identified the +3 flail of the Forgotten Portals {drain,
                  | rElec rN+ Str+2}
100236 | Slime:5  | Identified the +1 short sword "Tainea" {protect, rPois
                  | rCorr}
100239 | Slime:5  | Identified the +2 chain mail of Bitterness {rF+ Str-3
                  | Dex+3}
100302 | Slime:5  | Lost mutation: [You are frail. (-10% HP)] [potion of
                  | mutation]
100302 | Slime:5  | Lost mutation: You are weak. (Str -2) [potion of mutation]
100302 | Slime:5  | Lost mutation: You are clumsy. (Dex -2) [potion of
                  | mutation]
100302 | Slime:5  | Gained mutation: You have a pair of small horns on your
                  | head. [potion of mutation]
100303 | Slime:5  | Lost mutation: [You occasionally lose the ability to drink
                  | potions when taking damage.] [potion of mutation]
100303 | Slime:5  | Lost mutation: You are dopey. (Int -2) [potion of mutation]
100303 | Slime:5  | Lost mutation: You have hidden genetic potential. [potion
                  | of mutation]
100303 | Slime:5  | Lost mutation: You have a pair of small horns on your head.
                  | [potion of mutation]
100303 | Slime:5  | Gained mutation: You possess an exceptional clarity of
                  | mind. [potion of mutation]
100809 | Depths:3 | Learned a level 7 spell: Haunt
100812 | Depths:3 | Voluntarily entered the Abyss.
101111 | Depths:3 | Escaped the Abyss
101448 | Depths:3 | Voluntarily entered the Abyss.
101493 | Abyss:3  | Reached skill level 26 in Summonings
101730 | Abyss:3  | Paralysed by accursed screaming for 1 turns
102048 | Abyss:4  | Noticed an ancient lich
102073 | Abyss:4  | Killed an ancient lich
102211 | Abyss:4  | Reached XP level 25. HP: 170/227 MP: 27/50
102459 | Abyss:4  | Noticed a dread lich
102462 | Abyss:4  | Got an abyssal rune of Zot
102481 | Abyss:4  | Killed a dread lich
102650 | Depths:3 | Escaped the Abyss
102894 | Zot:1    | Entered Level 1 of the Realm of Zot
103389 | Depths:4 | Reached skill level 5 in Shapeshifting
107773 | Zot:2    | Reached skill level 27 in Summonings
108417 | Zot:3    | Reached skill level 1 in Necromancy
108860 | Zot:3    | Identified the staff of Qogiapy {rElec Air Earth}
109663 | Zot:3    | Reached XP level 26. HP: 226/238 MP: 44/51
111066 | Zot:4    | Found a transporter.
111067 | Zot:4    | Noticed an orb of fire
111246 | Zot:4    | Noticed an orb of fire
111250 | Zot:4    | Noticed Heoriaro's ghost (legendary GnFi)
111262 | Zot:4    | Found a transporter.
112576 | Zot:5    | Entered Level 5 of the Realm of Zot
113559 | D:10     | Killed purpleHaze's ghost
113785 | D:10     | Learned a level 1 spell: Apportation
113959 | Hell     | Entered the Vestibule of Hell
113959 | Hell     | Noticed Geryon
113978 | Hell     | Killed Geryon
114729 | Hell     | Reached skill level 5 in Necromancy
114781 | Hell     | Found a gateway to the ashen valley of Gehenna.
114874 | Hell     | Found a gateway to the Iron City of Dis.
114989 | Hell     | Found a gateway to the freezing wastes of Cocytus.
115135 | Hell     | Found a gateway to the decaying netherworld of Tartarus.
115360 | Geh:1    | Entered Level 1 of Gehenna
115857 | Geh:1    | Reached skill level 10 in Shapeshifting
116098 | Hell     | Learned a level 4 spell: Dispel Undead
118808 | Geh:6    | Noticed a dread lich
118927 | Geh:6    | Killed a dread lich
118928 | Geh:6    | Reached XP level 27. HP: 131/248 MP: 7/52
119330 | Geh:7    | Entered Level 7 of Gehenna
119995 | Geh:7    | Noticed an ancient lich
120003 | Geh:7    | Killed an ancient lich
122218 | Geh:7    | Found the +13 sceptre of Asmodeus
122218 | Geh:7    | Noticed Asmodeus
122275 | Geh:7    | HP: 10/250 [Asmodeus/damnation (44)]
122289 | Geh:7    | Killed Asmodeus
122290 | Geh:7    | Reached skill level 1 in Maces & Flails
122481 | Geh:7    | Identified the +6 whip "Vidacag" {antimagic, rN+}
122492 | Geh:7    | Identified the staff of the Towns {rElec Int+3 Dex-3 Air
                  | Alchemy}
122501 | Geh:7    | Identified the amulet of the Swan {Acrobat rC- MP+9 Str+5}
122541 | Geh:7    | Got an obsidian rune of Zot
122549 | Geh:7    | Identified the +1 long sword "Beastslayer" {venom, rElec
                  | Will+ Int-4}
123015 | Coc:1    | Entered Level 1 of Cocytus
123563 | Coc:2    | Noticed a dread lich
123796 | Hell     | Killed a dread lich
124496 | Coc:3    | Paralysed by a wendigo for 1 turns
125824 | Coc:4    | Paralysed by a wendigo for 1 turns
125833 | Coc:4    | Paralysed by a wendigo for 1 turns
125879 | Coc:4    | Paralysed by a wendigo for 1 turns
126681 | Coc:5    | Paralysed by a wendigo for 1 turns
126876 | Coc:5    | Paralysed by a wendigo for 1 turns
126889 | Coc:5    | Reached skill level 5 in Maces & Flails
127163 | Hell     | Paralysed by a wendigo for 1 turns
127172 | Hell     | Paralysed by a wendigo for 1 turns
127997 | Coc:7    | Entered Level 7 of Cocytus
128019 | Coc:7    | Paralysed by a wendigo for 1 turns
128401 | Coc:7    | Reached skill level 10 in Necromancy
128691 | Coc:7    | Paralysed by a wendigo for 1 turns
129032 | Coc:7    | Noticed the Serpent of Hell
129512 | Coc:7    | Killed the Serpent of Hell
129513 | Coc:7    | Reached skill level 15 in Shapeshifting
129699 | Coc:7    | Paralysed by a wendigo for 1 turns
130294 | Coc:7    | Noticed Antaeus
130456 | Coc:7    | Killed Antaeus
130927 | Coc:7    | Got an icy rune of Zot
131227 | Dis:1    | Entered Level 1 of the Iron City of Dis
131900 | Dis:2    | Noticed a dread lich
131926 | Dis:2    | Killed a dread lich
132853 | Dis:4    | You fall into a shaft and drop 2 floors!
133372 | Dis:7    | Entered Level 7 of the Iron City of Dis
134332 | Dis:7    | Noticed a juggernaut
134342 | Dis:7    | Killed a juggernaut
134587 | Dis:7    | Reached skill level 10 in Maces & Flails
134868 | Dis:7    | Identified the staff "Xib Tata" {Str+2 SInv Conj}
134923 | Dis:7    | Noticed a juggernaut
134982 | Dis:7    | Killed a juggernaut
135611 | Dis:7    | Identified the +7 quarterstaff of War {spect, Dex+4}
135734 | Dis:7    | Noticed a juggernaut
135756 | Dis:7    | Killed a juggernaut
136056 | Dis:7    | Noticed Dispater
136096 | Dis:7    | Killed Dispater
136123 | Dis:7    | Got an iron rune of Zot
136128 | Dis:7    | Identified the +0 chain mail "Hades" {+Blink Str+4}
136801 | Dis:5    | Killed from afar by a Hell Sentinel

Illustrated notes

Levels and vault maps discovered:
D:1:      mainiacjoe_arrival_oval_in_oval, layout_loops_cross, serial_shops,
          shop, grunt_decor_cap
D:2:      layout_basic, serial_shops, nicolae_shop_window_shopping,
          kennysheep_generic_room_8
D:3:      layout_rooms, nemelex_diamond_rough_becter
D:4:      layout_cave_pods, mainiacjoe_overflow_cross_hatched,
          gammafunk_ghost_arena
D:5:      layout_basic, demons_altar, old_standard_altar,
          mainiacjoe_overflow_concentric_impassable
D:6:      layout_loops_ring, dk_yredelemnul_ordeal, lemuel_doored_altar,
          mainiacjoe_overflow_24_doors, nicolae_shop_fire_sale
          [nicolae_sub_dead_trees], minmay_manual_mail, uniq_blork_the_orc
D:7:      layout_rooms, nicolae_hepliaklqana_ecumenical_no_more,
          nicolae_vehumet_radiance, mainiacjoe_overflow_small_starburst,
          minmay_temple_entry_statues, nicolae_sextant
D:8:      layout_rooms, grunt_temple_overflow_cloverleaf, special_room
          [special_room_orc], serial_shops, shop, nicolae_inconvenience_store,
          uniq_gastronok, uniq_pikel
D:9:      layout_basic, erik_lair_orcish_takeover, david_orc_5, serial_shops,
          nicolae_shop_gaudy_bauble, uniq_joseph
D:10:     layout_loops_corners, zin_academy,
          ploomutoo_gammafunk_ghost_potion_laboratory
D:11:     layout_cave_pods
D:12:     layout_irregular_city, serial_column_ruins, column_ruins_hut,
          column_ruins_open_small, column_ruins_columns_straight,
          column_ruins_grid_2, column_ruins_open_medium, column_ruins_open_tiny
D:13:     layout_roguey
D:14:     layout_grid_maze, erik_vaults_2, gammafunk_ghost_wrathful_warriors,
          fedhas_altar_fruit_tree
D:15:     grunt_enter_depths_giant_problem, layout_layer_cave,
          ebering_ghost_gozag, eino_curves_01, nicolae_ru_the_path_less_chosen
Temple:   hellmonk_temple_flake
Lair:1:   layout_loops_ring, basic_altar, uniq_fannar, uniq_grum, uniq_amaemon
Lair:2:   layout_loops_ring, minmay_swamp_entry_reptiles, evilmike_ambush
          [evilmike_ambush_outer_corners, evilmike_ambush_inner_pond],
          grunt_megastairs_5
Lair:3:   layout_gridlike, dummy_snake_entry, st_stairs_13, beast_lair_carwin_1,
          serial_bayou_shore_a
Lair:4:   layout_small_grid, minmay_slime_entry_jelly_boxes, lemuel_fruit_tree
Lair:5:   due_jungle_book, layout_concentric_octagons, nicolae_lair_lindhole,
          grunt_megastairs_4, infiniplex_staircase_pool_2, uniq_josephine
Swamp:1:  layout_basic_swamp, nicolae_swamp_godswood, swamp_pool_5,
          roderic_carrion_pond, uniq_roxanne
Swamp:2:  layout_basic_swamp, evilmike_swamp_ruin_house_2, swamp_pool_5,
          nicolae_swamp_necromancy_gone_wrong, uniq_jorgrun
Swamp:3:  layout_basic_swamp, hangedman_swamp_lotus, uniq_bai_suzhen
Swamp:4:  swamp, layout_basic_swamp
Snake:1:  layout_onion_interference, chequers_hall_statues_y, minmay_shop_star,
          serial_bayou_shore_b, grunt_megastairs_2
Snake:2:  layout_onion, serial_nicolae_subway, nicolae_sub_station_crystal,
          nicolae_sub_station_stone, nicolae_sub_station_metal
Snake:3:  layout_concentric_octagons, basic_altar, minmay_shop_grove,
          grunt_megastairs_1
Snake:4:  minmay_snake_end_coiled, layout_misc_corridors, serial_shops,
          nicolae_shop_tiny_glass, nicolae_snake_salamander_fort
Slime:1:  layout_caves
Slime:2:  layout_caves
Slime:3:  layout_caves
Slime:4:  layout_caves, nicolae_slime_ancient_tower_intersection,
          nicolae_slime_getting_an_eyeful
Slime:5:  slime_pit_nicolae_block_by_block
Orc:1:    layout_caves, serial_shops, shop, uniq_erica, uniq_sonja,
          uniq_erolcha, uniq_maurice
Orc:2:    pf_orc_diabolical, layout_diamond_mine, basic_altar, serial_shops,
          nicolae_book_shop_shelving
Elf:1:    elf_arrival_002, layout_loops_corners,
          portal_desolation_entry_holy_temple, minmay_elf_annihilation
Elf:2:    elven_hall_of_blades_hangedman_original
          [nicolae_blade_entry_floor_patterns], layout_loops_corners,
          minivault_16, nicolae_elf_variegated_diamond
Elf:3:    grunt_elf_hall_asides, layout_loops_cross, david_greed, uniq_boris
Vaults:1: nicolae_vaults_mitosis, st_eye, v_alt_pattern_2,
          nicolae_vaults_network_quinsquares
          [nicolae_vaults_network_quincunx_subvault,
          nicolae_vaults_network_quincunx_subvault,
          nicolae_vaults_network_quincunx_subvault,
          nicolae_vaults_network_quincunx_subvault], v_misc_23,
          nicolae_vaults_yaktaur_gun_rack, nicolae_vaults_alarming,
          nicolae_vaults_tetromino_Z_1, layout_vaults_omnigrid
Vaults:2: minmay_crypt_entry_simple_corners, hangedman_vaults_nails,
          vaults_room_grunt_arrival_ludios, st_spiral_rooms,
          nicolae_vaults_closet_pinwheel_3, ontoclasm_vaults_fault,
          nicolae_vaults_tetromino_L_2, nicolae_vaults_house_2,
          vaults_room_semicircle, layout_vaults_chaotic_city, uniq_saint_roka
Vaults:3: nicolae_vaults_storage_closets_3, nicolae_vaults_more_shelving_1,
          hangedman_vaults_maws, dpeg_vaults_monster_row, v_misc_5,
          nicolae_vaults_tetromino_T_2, vaults_room_grid,
          nicolae_vaults_closet_pinwheel_4, vaults_room_guarded_vault,
          layout_vaults_omnicross, serial_shops, shop
Vaults:4: nicolae_vaults_tetromino_Z_1, nicolae_vaults_enemy_cabinets,
          nicolae_vaults_cornered_office, nicolae_vaults_surprise_closet,
          nicolae_vaults_theta, vaults_dpeg_ring,
          nicolae_vaults_sesquioval_fish, v_pattern_4, hangedman_vaults_nodes,
          nicolae_vaults_little_squares_1, hangedman_vaults_cutoff,
          layout_vaults_ring
Vaults:5
Crypt:1:  layout_basic, infiniplex_enter_wizlab_glasses, basic_altar,
          st_stairs_7, hex_medium, nrook_guardian_serpent_ordinary, uniq_jory,
          uniq_donald, uniq_josephina
Crypt:2:  layout_misc_corridors
Crypt:3:  evilmike_haunted_forest, uniq_grunn, uniq_khufu, uniq_xtahua,
          uniq_sojobo
Depths:1: layout_roguey, hell_entry, nicolae_qazlal_general_emergency,
          serial_co_window_serial, co_window_paths_a, co_window_paths_a,
          co_window_of_opportunity_a, co_window_paths_a, co_window_paths_a,
          co_window_corner_a, co_window_corner_a, co_window_of_opportunity_b,
          co_window_unsneaky_path_c, co_window_of_opportunity_b,
          co_window_broadway_a, co_window_broadway_b, co_window_4corner_b,
          dk_noncrumbling_3, minmay_guarded_unrand_vampires_tooth, uniq_nikola,
          uniq_asterion
Depths:2: lemuel_minitomb, layout_gridville, enter_ziggurat_a, pan_entry,
          hell_entry, roderic_lattice_a, infiniplex_staircase_spiral_double
Depths:3: minmay_the_grid_square_5x5_4x4
          [minmay_the_grid_square_5x5_eight_small,
          minmay_the_grid_square_5x5_bracketed,
          minmay_the_grid_square_5x5_inner_v,
          minmay_the_grid_square_5x5_fancy_junction,
          minmay_the_grid_square_5x5_half_checkered,
          minmay_the_grid_square_5x5_prize_deathbox,
          minmay_the_grid_square_5x5_prize_gold, minmay_the_grid_square_5x5_v,
          minmay_the_grid_square_5x5_three_small,
          minmay_the_grid_square_5x5_prize_pseudospiral,
          minmay_the_grid_square_5x5_prize_waves, minmay_the_grid_square_5x5_n,
          minmay_the_grid_square_5x5_empty, minmay_the_grid_square_5x5_shuriken,
          minmay_the_grid_square_5x5_comb, minmay_the_grid_square_5x5_shrine1],
          layout_basic, rand_demon_pan_entry_4, corexii_corridor_pit,
          hell_entry, abyss_entry, uniq_vv
Depths:4: grunt_zot_entry_bicorn, layout_basic, glass_columns_a,
          grunt_mini_vestibule, nicolae_trove_entry_diagonal,
          kennysheep_four_rooms
Hell
Dis:1:    layout_regular_city
Dis:2:    layout_jigsaw
Dis:3:    layout_subdivisions
Dis:4:    layout_subdivisions
Dis:5:    hangedman_dis_decor_blocks_crown, layout_subdivisions
Dis:6:    layout_gridville, nicolae_hells_seeping_fissure
Dis:7:    dis_grunt_layers
Geh:1:    layout_gehenna_lava_caves
Geh:2:    layout_gehenna_pools_triple, hangedman_elemental_corridor
Geh:3:    layout_gehenna_lava_caves
Geh:4:    layout_gehenna_lava_caves
Geh:5:    layout_gehenna_lava_caves, nicolae_geh_lavax
Geh:6:    layout_gehenna_lava_caves
Geh:7:    geh_mu
Coc:1:    layout_ice_bergs
Coc:2:    layout_cocytus_water_paths
Coc:3:    layout_ice_bergs
Coc:4:    nicolae_coc_city_of_iceburg
Coc:5:    layout_cocytus_delve
Coc:6:    layout_cocytus_water_paths
Coc:7:    coc_old
Zot:1:    layout_twisted_circle, st_stairs_13,
          regret_index_zotdec_twisting_globes
Zot:2:    layout_basic
Zot:3:    infiniplex_zot_generator, layout_misc_corridors
Zot:4:    layout_gridlike, gammafunk_ghost_arena
Zot:5:    layout_gridlike, skrybe_zot_glass_3

Skill      XL: |  1  2  3  4  5  6  7  8  9 10 11 12 13 14 15 16 17 18 19 20 21 22 23 24 25 26 27 |
---------------+----------------------------------------------------------------------------------+-----
Spellcasting   | 2 3 4 5 6 7 8 9 10 11 12 13 14 15 16 17 18 19 | 19.5
Dodging        | 2 3 4 6 7 8 9 10 11 12 13 14 15 16 17 18 21 | 21.2
Summonings     | 4 5 6 7 9 10 11 12 14 15 16 17 18 20 21 22 23 24 25 26 27 | 27.0
Fighting       | 1 2 3 4 5 6 7 8 9 10 11 12 13 14 15 16 17 18 19 20 21 | 21.0
Shields        | 1 2 3 4 5 7 9 10 | 10.0
Armour         | 1 3 5 6 7 8 10 11 12 | 12.4
Polearms       | 2 5 6 8 9 10 | 10.5
Evocations     | 4 6 8 9 |  9.5
Shapeshifting  | 4 7 11 18 | 18.1
Necromancy     | 2 6 12 | 12.0
Maces & Flails | 10 | 10.8
Stealth        | |  1.7

Action                     |  1- 3 |  4- 6 |  7- 9 | 10-12 | 13-15 | 16-18 | 19-21 | 22-24 | 25-27 || total
---------------------------+-------+-------+-------+-------+-------+-------+-------+-------+-------++-------
  Melee: Dagger            |    94 |    18 |    74 |       |       |       |       |       |       ||   186
         Spear             |     3 |    80 |   269 |    58 |       |       |       |       |       ||   410
         Punch             |       |     1 |       |       |       |       |       |       |       ||     1
         Quarterstaff      |       |     2 |       |       |       |       |       |       |       ||     2
         Short sword       |       |       |     4 |       |       |       |       |       |       ||     4
         Hand axe          |       |       |    52 |   130 |       |       |       |       |       ||   182
         Trident           |       |       |       |   504 |  1591 |  1638 |  2543 |  2239 |  1745 || 10260
         Flail             |       |       |       |       |    25 |       |     5 |    14 |    21 ||    65
         Sacred scourge    |       |       |       |       |       |       |    62 |   707 |   600 ||  1369
         Unarmed           |       |       |       |       |       |       |       |    29 |       ||    29
         Eveningstar       |       |       |       |       |       |       |       |       |   774 ||   774
  Throw: Stone             |     2 |       |       |       |       |       |       |       |       ||     2
         Dart              |       |     2 |     2 |    12 |       |       |       |       |       ||    16
         Javelin           |       |       |       |     5 |     4 |       |       |       |       ||     9
   Cast: Summon Small Mamm |    13 |    16 |    48 |     9 |    16 |     6 |     4 |       |     2 ||   114
         Call Imp          |     8 |     8 |    36 |    28 |    32 |     2 |     2 |       |       ||   116
         Call Canine Famil |       |     9 |    31 |    39 |    41 |    11 |     2 |       |     5 ||   138
         Martyr's Knell    |       |       |     5 |    17 |    31 |    34 |    23 |    54 |    86 ||   250
         Summon Lightning  |       |       |     2 |    19 |     7 |     4 |     3 |       |       ||    35
         Summon Blazeheart |       |       |       |    17 |     3 |       |       |       |       ||    20
         Summon Cactus Gia |       |       |       |     4 |    82 |    71 |    42 |    94 |    78 ||   371
         Summon Hydra      |       |       |       |       |    46 |    51 |    96 |    58 |    71 ||   322
         Monstrous Menager |       |       |       |       |       |   143 |   142 |   161 |   106 ||   552
         Summon Ice Beast  |       |       |       |       |       |    25 |     3 |       |       ||    28
         Swiftness         |       |       |       |       |       |     1 |     1 |     3 |     2 ||     7
         Summon Mana Viper |       |       |       |       |       |       |    91 |    78 |    94 ||   263
         Animate Armour    |       |       |       |       |       |       |    32 |   100 |    60 ||   192
         Summon Horrible T |       |       |       |       |       |       |       |    21 |    77 ||    98
         Haunt             |       |       |       |       |       |       |       |     4 |   280 ||   284
         Blink             |       |       |       |       |       |       |       |       |    24 ||    24
         Dispel Undead     |       |       |       |       |       |       |       |       |   193 ||   193
         Apportation       |       |       |       |       |       |       |       |       |     4 ||     4
  Evoke: Wand              |       |       |     3 |     1 |     5 |    10 |     8 |    26 |    50 ||   103
         Condenser vane    |       |       |       |       |       |       |     1 |     1 |     2 ||     4
         Lightning rod     |       |       |       |       |       |       |       |     8 |    15 ||    23
         Phial of floods   |       |       |       |       |       |       |       |     1 |     4 ||     5
         Phantom mirror    |       |       |       |       |       |       |       |       |     2 ||     2
         Horn of Geryon    |       |       |       |       |       |       |       |       |     1 ||     1
         Sack of spiders   |       |       |       |       |       |       |       |       |     1 ||     1
    Use: Scroll            |     6 |       |    11 |     8 |     7 |    10 |     9 |    20 |    27 ||    98
         Potion            |       |       |       |     2 |     4 |    11 |     6 |    30 |    39 ||    92
   Stab: Sleeping          |     7 |     3 |     3 |     3 |     3 |     9 |       |       |       ||    28
         Distracted        |     1 |       |     4 |     5 |    15 |    25 |    37 |    54 |    97 ||   238
         Invisible         |       |       |       |       |       |     2 |       |       |     2 ||     4
         Paralysed         |       |       |       |       |       |     5 |     8 |     5 |     3 ||    21
         Confused          |       |       |       |       |       |       |     3 |     7 |     3 ||    13
         Petrified         |       |       |       |       |       |       |       |       |     3 ||     3
 Armour: Robe              |    43 |    42 |   217 |   395 |   735 |   839 |       |       |       ||  2271
         Skin              |       |       |       |       |       |    12 |       |    33 |       ||    45
         Storm dragon scal |       |       |       |       |       |       |  1617 |       |       ||  1617
         Fire dragon scale |       |       |       |       |       |       |   833 |  2168 |  2093 ||  5094
  Dodge: Dodged            |    54 |    37 |   223 |   442 |   787 |  1023 |  1244 |  1459 |  1692 ||  6961
  Block: Buckler           |       |       |   132 |   424 |   640 |   800 |  1663 |   280 |       ||  3939
         Reflection        |       |       |     1 |    17 |    25 |    76 |    86 |    41 |   110 ||   356
         Kite shield       |       |       |       |       |       |       |       |  2646 |  3935 ||  6581
         Other             |       |       |       |       |       |       |       |     1 |       ||     1
